 Dungeon Crawl Stone Soup version 0.31-a0-4-gefa6de2278 (webtiles) character file.

Game seed: 1849635032312159222

112 Conn the Firebug (level 4, -3/27 HPs)
             Began as an Octopode Fire Elementalist on May 4, 2023.
             Slain by Ijyb
             ... wielding a +7 club
              (14 damage)
             ... on level 3 of the Dungeon.
             The game lasted 00:03:52 (2426 turns).

Conn the Firebug (Octopode Fire Elementalist)       Turns: 2426, Time: 00:03:52

Health: -3/27      AC:  1    Str:  7    XL:     4   Next: 95%
Magic:  5/8        EV: 13    Int: 19    God:
Gold:   77         SH:  0    Dex: 12    Spells: 8/9 levels left

rFire   . . .        e - +1 dagger (venom)
rCold   . . .        (no shield)
rNeg    . . .        (helmet restricted)
rPois   .            (no amulet)
rElec   .            (no ring)
rCorr   .            (no ring)
SInv    .            (no ring)
Will    .....        (no ring)
Stlth   +++          (no ring)
HPRegen 0.24/turn    (no ring)
MPRegen 0.11/turn    (no ring)
                     (no ring)

%: no passive effects
@: no status effects
A: almost no armour, amphibious, 8 rings, camouflage 1, gelatinous body 1,
(nimble swimmer 1), tentacles
a: no special abilities


You were on level 3 of the Dungeon.
You visited 1 branch of the dungeon, and saw 3 of its levels.

You collected 77 gold pieces.

Inventory:

Hand Weapons
 e - a +1 dagger of venom (weapon)
Scrolls
 b - 3 scrolls of identify {unknown}
 c - a scroll of fog {unknown}
 h - a scroll of noise {unknown}
 i - 2 scrolls of teleportation {unknown}
 j - a scroll of vulnerability {unknown}
 l - 2 scrolls of enchant weapon {unknown}
Potions
 a - a potion of magic
 d - 2 potions of heal wounds {unknown}
 f - a potion of ambrosia {unknown}
 g - a potion of attraction {unknown}
 k - a potion of brilliance {unknown}
 m - 2 potions of degeneration {unknown}


   Skills:
 + Level 0.1 Fighting
 + Level 0.2 Short Blades
 + Level 2.1 Dodging
 + Level 3.4 Stealth
 + Level 3.0 Spellcasting
 + Level 2.0 Conjurations
 + Level 3.9 Fire Magic


You had 8 spell levels left.
You knew the following spells:

 Your Spells              Type           Power      Damage    Failure   Level
a - Foxfire               Conj/Fire      56%        2x1d6     4%          1

Your spell library contained the following spells:

 Spells                   Type           Power      Damage    Failure   Level
 Scorch                   Fire           36%        2d6       4%          2
 Inner Flame              Hex/Fire       10%        N/A       21%         3
 Volatile Blastmotes      Fire/Tloc      20%        2d11      21%         3
 Flame Wave               Conj/Fire      14%        2d6       41%         4


Dungeon Overview and Level Annotations

Branches:
Dungeon (3/15)

Altars:

Annotations:
D:3 Ijyb


Innate Abilities, Weirdness & Mutations

You cannot wear most types of armour.
You are amphibious.
You can wear up to eight rings at the same time.
Your skin changes colour to match your surroundings (Stealth+).
Your rubbery body absorbs attacks. (AC +1, EV +1)
((You are camouflaged when in or above water. (Stealth+)))
You have tentacles for arms and can constrict up to eight enemies at once.


Message History

Ijyb is lightly wounded.
The foxfire hits Ijyb but does no damage.
Ijyb is lightly wounded.
Unknown command.
You hit Ijyb but do no damage.
Ijyb is poisoned.
Your grab misses Ijyb.
Ijyb is lightly wounded.
The foxfire hits Ijyb.
Ijyb is moderately wounded.
The foxfire hits Ijyb.
Ijyb is heavily wounded.
Ijyb hits you with a +7 club!
You barely miss Ijyb. Your grab misses Ijyb.
Ijyb is heavily wounded.
Ijyb misses you.
Unknown command.
You hit Ijyb but do no damage. You grab Ijyb.
Ijyb is heavily wounded.
You constrict Ijyb, but do no damage. Ijyb barely misses you.
Unknown command.
You hit Ijyb but do no damage.
Ijyb looks even sicker.
Ijyb is heavily wounded.
You constrict Ijyb, but do no damage. Ijyb completely misses you.
The worm misses you.
Your magical contamination has completely faded away.
Unknown command.
Casting: Foxfire (safe; 4% risk of failure)
Confirm with . or Enter, or press ? or * to list all spells.
Okay, then.
Unknown command.
Unknown command.
You hit Ijyb but do no damage.
Ijyb looks as sick as possible!
You squeeze Ijyb, but do no damage.
Ijyb is heavily wounded.
You constrict Ijyb, but do no damage. Ijyb hits you with a +7 club!
Unknown command.
You hit Ijyb but do no damage.
Ijyb looks as sick as possible!
Ijyb is severely wounded.
You constrict Ijyb, but do no damage. Ijyb hits you with a +7 club!
Ouch! That really hurt!
You die...

#.# ....... #.#
#.......# ##'##
#.......# ##...##
#.......# ##.....##
#.†.....# #.......##
#.......#
#.........###.......#
+.........'..wg...#.#
#.........##.@......#
##.......###........#
##.....## #........#
##...## #........#
##+# #.......##
#.......# #.......#
####.####


You could see Ijyb (extremely poisoned) and a worm.

Vanquished Creatures
  Crazy Yiuf (D:2)
  Robin (D:2)
  An adder (D:2)
  A worm (D:2)
  2 dart slugs
  A bat (D:1)
  5 endoplasms
  2 giant cockroaches (D:1)
  14 goblins
  5 hobgoblins
  6 jackals
  2 kobolds
  6 ball pythons
  3 rats (D:1)
50 creatures vanquished.

Vanquished Creatures (others)
  97 foxfires
97 creatures vanquished.

Grand Total: 147 creatures vanquished

Notes
Turn   | Place    | Note
-------+----------+-------------------------------------------
     0 | D:1      | Conn the Octopode Fire Elementalist began the quest for the
                  | Orb.
     0 | D:1      | Reached XP level 1. HP: 11/11 MP: 3/3
   353 | D:1      | Reached XP level 2. HP: 17/17 MP: 1/5
   709 | D:1      | Reached XP level 3. HP: 20/21 MP: 3/6
   852 | D:2      | Noticed Robin
  1277 | D:2      | Reached XP level 4. HP: 21/27 MP: 5/7
  1293 | D:2      | Killed Robin
  2066 | D:2      | Found a runed translucent door.
  2067 | D:2      | Noticed Crazy Yiuf
  2091 | D:2      | Killed Crazy Yiuf
  2414 | D:3      | Noticed Ijyb
  2426 | D:3      | Slain by Ijyb

Illustrated notes

Levels and vault maps discovered:
D:1:      sevenhm_arrival_forest_fort_small_4, layout_rooms, st_stairs_10,
          minmay_three_crescents
D:2:      layout_basic, minmay_tree_intersection, serial_park_tiny_1,
          uniq_robin, uniq_crazy_yiuf_cottage
D:3:      layout_loops_corners, hellmonk_okawaru_the_only_friend_you_need,
          nicolae_vehumet_radiance, tso_oasis_becter,
          mainiacjoe_overflow_six_doors_small, kennysheep_big_empty_room,
          uniq_ijyb, uniq_jessica

Skill      XL: |  1  2  3  4 |
---------------+-------------+-----
Stealth        | 3 |  3.4
Spellcasting   | 3 |  3.0
Conjurations   | 2 |  2.0
Fighting       | |  0.1
Short Blades   | |  0.2
Dodging        | |  2.1
Fire Magic     | |  3.9

Action                     |  1- 3 |  4- 6 || total
---------------------------+-------+-------++-------
  Melee: Unarmed           |     7 |       ||     7
         Constrict         |     9 |     7 ||    16
         Tentacles         |     8 |     4 ||    12
         Dagger            |    16 |    23 ||    39
   Cast: Foxfire           |    47 |    13 ||    60
   Stab: Sleeping          |       |     2 ||     2
 Armour: Skin              |     4 |       ||     4
  Dodge: Dodged            |    23 |    10 ||    33

Table legend: (Time is in decaauts)
 A = Elapsed time spent in this place.
 B = Non-inter-level travel time spent in this place.
 C = Inter-level travel time spent in this place.
 D = Time resting spent in this place.
 E = Time spent auto-exploring this place.
 F = Levels seen in this place.
 G = Mean time per level.
                   A        B        C        D        E       F      G
               +--------+--------+--------+--------+--------+-----+--------+
         Total |   2426 |   2359 |     67 |    148 |   1720 |   3 |  808.7 |
       Dungeon |   2426 |   2359 |     67 |    148 |   1720 |   3 |  808.7 |
               +--------+--------+--------+--------+--------+-----+--------+

Top non-repeatable levels by time:
     D:2: 1333 daAuts
     D:1: 1005 daAuts
     D:3: 87 daAuts
